AoeStats
← Blazing Cartesia, The Virtuous

Golden Pit

509973118Analyzed
1v1 RM · 3d ago on Sep 28, 2026· 31m 15s· 2 players
Game mode
Random Map
Map size
Tiny (2 player)
Population
200
Speed
Normal
Resources
Standard
Victory
Conquest
Starting age
Dark Age
Ending age
Imperial Age
RankedLock teamsTeams togetherTeam positionsShared explorationLock speedFull tech treeHidden civsTurbo modeCheats
Victory
Defeat
🇲🇽 Khitans · Mexico
1261
+16
1251
-16
Blazing Cartesia, The Virtuous
6:06 Loom
10:14 Feudal Age
17:03 Castle Age
17:00 Double-Bit Axe
18:59 Horse Collar
26:01 Bloodlines
26:30 Bow Saw
26:47 Heavy Plow
28:36 Fervor
33:35 Imperial Age
FlashKiller
6:33 Loom
10:11 Feudal Age
12:24 Forging
15:33 Scale Barding Armor
21:46 Castle Age
20:08 Double-Bit Axe
20:11 Domestication
23:23 Iron Casting
27:58 Pastoralism
28:59 Pikeman
29:56 Scale Mail Armor
30:27 Husbandry
Connection lost

Rejoining the realm…

Still unreachable

The connection could not be restored.

Session expired

The server has moved on; the page needs a fresh start.